 Dungeon Crawl Stone Soup version 0.31-a0-771-g505c3d19dc (webtiles) character file.

Game seed: 3426966648031455141

2569 randomguy2701 the Thaumaturge (level 9, -3/48 HPs)
             Began as a Deep Elf Conjurer on Sept 17, 2023.
             Killed from afar by Maggie (10 damage)
             ... with a bolt of fire
             ... on level 6 of the Dungeon.
             The game lasted 00:13:03 (6201 turns).

randomguy2701 the Thaumaturge (Deep Elf Conjurer)   Turns: 6201, Time: 00:13:03

Health: -3/48      AC:  5    Str: 10    XL:     9   Next: 31%
Magic:  15/26      EV: 13    Int: 28    God:
Gold:   217        SH:  0    Dex: 13    Spells: 21/31 levels left

rFire   . . .        (no weapon)
rCold   + + +        (no shield)
rNeg    . . .        a - +0 robe
rPois   +            (no helmet)
rElec   .            (no cloak)
rCorr   .            p - +2 pair of gloves "Aliwiuf" {-Tele Contam rC+++ Regen+}
SInv    .            (no boots)
Will    .....        (no amulet)
Stlth   +++          c - +6 ring of strength
HPRegen 1.08/turn    d - ring of poison resistance
MPRegen 0.20/turn

%: no teleportation
@: mesmerised
A: no striking features
a: no special abilities


You were on level 6 of the Dungeon.
You visited 2 branches of the dungeon, and saw 7 of its levels.

You collected 217 gold pieces.

Inventory:

Armour
 a - a +0 robe (worn)
 p - the +2 pair of gloves "Aliwiuf" (worn) {-Tele Contam rC+++ Regen+}
   (You found it on level 2 of the Dungeon)

   rC+++:     It renders you almost immune to cold.
   -Tele:     It prevents most forms of teleportation.
   Contam:    It causes magical contamination when unequipped.
   Regen+:    It increases your rate of health regeneration.
Jewellery
 c - a +6 ring of strength (left hand)
 d - a ring of poison resistance (right hand)
 e - a ring of flight
 D - a ring of ice
Wands
 l - a wand of flame (14)
 s - a wand of quicksilver (8)
 t - a wand of roots (9)
 C - a wand of paralysis (8)
Scrolls
 h - 3 scrolls of enchant weapon {unknown}
 i - 2 scrolls of silence {unknown}
 j - a scroll of immolation {unknown}
 n - 2 scrolls of noise {unknown}
 o - 5 scrolls of identify {unknown}
 v - a scroll of teleportation {unknown}
 w - 2 scrolls of amnesia {unknown}
 x - a scroll of brand weapon {unknown}
 y - a scroll of poison {unknown}
Potions
 b - a potion of magic
 f - 2 potions of lignification {unknown}
 g - 4 potions of mutation {unknown}
 k - 3 potions of resistance {unknown}
 m - 2 potions of attraction {unknown}
 r - a potion of invisibility {unknown}
 u - 2 potions of brilliance {unknown}
 z - a potion of haste {unknown}
 A - a potion of curing {unknown}
 B - a potion of might {unknown}


   Skills:
 + Level 2.0 Fighting
 + Level 3.7 Dodging
 + Level 4.2 Stealth
 + Level 11.9 Spellcasting
 + Level 9.6 Conjurations
 + Level 0.5 Evocations


You had 21 spell levels left.
You knew the following spells:

 Your Spells              Type           Power      Damage    Failure   Level
a - Magic Dart            Conj           100%       1d8       1%          1
b - Searing Ray           Conj           100%       2d8       1%          2
c - Orb of Destruction    Conj           31%        9d10      47%         7

Your spell library contained the following spells:

 Spells                   Type           Power      Damage    Failure   Level
 Dazzling Flash           Conj/Hex       86%        N/A       1%          3
 Sting                    Tmut/Pois      64%        1d6       3%          1
 Poisonous Vapours        Pois/Air       32%        N/A       4%          2
 Fulminant Prism          Conj/Hex       21%        3d12      4%          4
 Iskenderun's Mystic Bla  Conj/Tloc      43%        2d10      4%          4
 Summon Guardian Golem    Hex/Summ       16%        N/A       10%         3
 Olgreb's Toxic Radiance  Pois           16%        N/A       32%         4
 Spellforged Servitor     Conj/Summ      21%        N/A       98%         7


Dungeon Overview and Level Annotations

Branches:
Dungeon (6/15)             Temple (1/1) D:5

Altars:
Ashenzari
Cheibriados
Dithmenos
Elyvilon
Fedhas
Gozag
Hepliaklqana
Kikubaaqudgha
Makhleb
Nemelex Xobeh
Okawaru
Qazlal
Ru
Trog
Uskayaw
Vehumet
Wu Jian
Yredelemnul
Zin
The Shining One

Shops:
D:4 (

Annotations:
D:3 1 runed translucent door, Crazy Yiuf
D:6 Maggie


Message History

The adder bites you but does no damage.
Maggie casts a spell.
Maggie draws you further into her thrall.
Casting: Searing Ray (safe; 1% risk of failure)
Confirm with . or Enter, or press ? or * to list all spells.
Aiming: Searing Ray (safe; 1% risk of failure)
Press: ? - help, Shift-Dir - straight line, f/p - Maggie
Aim: Maggie, wielding a +2 morningstar of flaming and wearing +0 steam dragon scales (moderately wounded, mesmerising, 83% to hit)
Okay, then.
Casting: Searing Ray (safe; 1% risk of failure)
Confirm with . or Enter, or press ? or * to list all spells.
Aiming: Magic Dart (safe; 1% risk of failure)
Press: ? - help, Shift-Dir - straight line, f/p - Maggie
Aim: Maggie, wielding a +2 morningstar of flaming and wearing +0 steam dragon scales (moderately wounded, mesmerising, 100% to hit)
The magic dart hits Maggie.
Maggie is heavily wounded.
The adder bites you but does no damage.
Maggie hits you with a +2 morningstar of flaming!
* * * LOW HITPOINT WARNING * * *
Maggie burns you.
* * * LOW HITPOINT WARNING * * *
Casting: Magic Dart (safe; 1% risk of failure)
Confirm with . or Enter, or press ? or * to list all spells.
Aiming: Magic Dart (safe; 1% risk of failure)
Press: ? - help, Shift-Dir - straight line, f/p - Maggie
Aim: Maggie, wielding a +2 morningstar of flaming and wearing +0 steam dragon scales (heavily wounded, mesmerising, 100% to hit)
The magic dart hits Maggie.
Maggie is heavily wounded.
The adder misses you. The adder barely misses you. Maggie closely misses you.
Casting: Magic Dart (safe; 1% risk of failure)
Confirm with . or Enter, or press ? or * to list all spells.
Aiming: Magic Dart (safe; 1% risk of failure)
Press: ? - help, Shift-Dir - straight line, f/p - Maggie
Aim: Maggie, wielding a +2 morningstar of flaming and wearing +0 steam dragon scales (heavily wounded, mesmerising, 100% to hit)
The magic dart hits Maggie.
Maggie is heavily wounded.
The adder misses you. Maggie gestures at you while chanting.
The bolt of fire hits you!
You die...

......## <....... .#
....##.. .### ...## ...
..## ..### ## ### ... ..
. #.. .#...
#########.##..$.#.
#######........@@S......
[.......>..####.####....
#### #....####.######..
#................
#....####.####..#
#.....###.# .
.#......##..# #
#........###.# #
#####......#.##.#


You could see Maggie (mesmerising) and an adder.

Vanquished Creatures
  Pikel (D:5)
  Prince Ribbit (D:6)
  Grinder (D:6)
  Sigmund (D:2)
  Eustachio (D:5)
  Edmund (D:5)
  A water moccasin (D:6)
  A black bear (D:6)
  An ogre (D:4)
  A centaur (D:5)
  3 lemures (D:5)
  2 phantoms (D:5)
  2 scorpions
  2 jellies
  A hound (D:5)
  5 orc priests
  4 iguanas
  3 orc wizards
  Ijyb (D:5)
  6 adders
  2 shadow imps
  A white imp (D:5)
  3 worms (D:2)
  3 dart slugs
  32 orcs
  8 endoplasms
  3 giant cockroaches
  11 goblins
  8 hobgoblins
  2 jackals (D:1)
  2 quokkas
  9 ball pythons
  6 bats
  5 frilled lizards
  8 kobolds
  9 rats
151 creatures vanquished.

Notes
Turn   | Place    | Note
-------+----------+-------------------------------------------
     0 | D:1      | randomguy2701 the Deep Elf Conjurer began the quest for the
                  | Orb.
     0 | D:1      | Reached XP level 1. HP: 10/10 MP: 6/6
   253 | D:1      | Reached XP level 2. HP: 15/15 MP: 5/8
   587 | D:1      | Found a faded altar of an unknown god.
   891 | D:1      | Reached XP level 3. HP: 19/19 MP: 8/10
   894 | D:1      | Learned a level 2 spell: Searing Ray
  1267 | D:2      | Reached skill level 5 in Conjurations
  1419 | D:2      | Reached skill level 4 in Spellcasting
  1508 | D:2      | Reached XP level 4. HP: 24/24 MP: 1/12
  1612 | D:2      | Noticed Sigmund
  1622 | D:2      | Killed Sigmund
  1623 | D:2      | Reached skill level 5 in Spellcasting
  1623 | D:2      | Reached XP level 5. HP: 8/28 MP: 5/15
  1966 | D:2      | Identified the +2 pair of gloves "Aliwiuf" {-Tele Contam
                  | rC+++ Regen+}
  2331 | D:3      | Reached XP level 6. HP: 21/33 MP: 8/16
  2810 | D:3      | Found a runed translucent door.
  2811 | D:3      | Noticed Crazy Yiuf
  2950 | D:4      | Reached skill level 6 in Spellcasting
  3361 | D:4      | Found Xomme's Weapon Shop.
  3421 | D:4      | Found a sacrificial altar of Ru.
  3421 | D:4      | Found a radiant altar of Vehumet.
  3422 | D:4      | Found a burning altar of Makhleb.
  3501 | D:4      | Reached skill level 7 in Spellcasting
  3869 | D:4      | Reached XP level 7. HP: 37/37 MP: 13/20
  3932 | D:5      | Entered Level 5 of the Dungeon
  3980 | D:5      | Noticed Eustachio
  3990 | D:5      | Killed Eustachio
  3991 | D:5      | Reached skill level 8 in Spellcasting
  4078 | D:5      | Noticed Edmund
  4091 | D:5      | Killed Edmund
  4218 | D:5      | Reached skill level 9 in Spellcasting
  4412 | D:5      | Found a staircase to the Ecumenical Temple.
  4433 | D:5      | Reached XP level 8. HP: 32/42 MP: 12/23
  4538 | D:5      | Reached skill level 1 in Fighting
  4606 | D:5      | Noticed Ijyb
  4617 | D:5      | Paralysed by Ijyb for 2 turns
  4621 | D:5      | Killed Ijyb
  4817 | D:5      | Found a white marble altar of Elyvilon.
  4844 | D:5      | Noticed Pikel
  5176 | D:5      | Reached skill level 10 in Spellcasting
  5300 | D:5      | Killed Pikel
  5301 | D:5      | Reached skill level 11 in Spellcasting
  5389 | D:5      | Learned a level 7 spell: Orb of Destruction
  5432 | Temple   | Entered the Ecumenical Temple
  5718 | D:6      | Reached XP level 9. HP: 48/48 MP: 17/26
  5764 | D:6      | Noticed Prince Ribbit
  5778 | D:6      | Killed Prince Ribbit
  5917 | D:6      | Noticed Grinder
  5918 | D:6      | Paralysed by Grinder for 2 turns
  5940 | D:6      | Killed Grinder
  6186 | D:6      | Noticed Maggie
  6201 | D:6      | Killed from afar by Maggie

Illustrated notes

Levels and vault maps discovered:
D:1:      minmay_arrival_four_loops, layout_loops_ring, basic_ecumenical_altar,
          minmay_misc_feat_enclosed, ebering_dispersal_statue_hall
D:2:      layout_rooms, grunt_ministairs_5, uniq_sigmund
D:3:      layout_rooms, grunt_decor_fettered, uniq_crazy_yiuf_cottage
D:4:      layout_basic, chequers_temple_overflow_statue_of_worship,
          serial_shops, nicolae_shop_rolling_square
D:5:      layout_basic, old_standard_altar, minmay_temple_entry_mist,
          uniq_eustachio, uniq_ijyb, uniq_pikel, uniq_edmund
D:6:      layout_rooms, uniq_prince_ribbit1, uniq_grinder, uniq_maggie
Temple:   nicolae_temple_slightly_damp_pantheon

Skill      XL: |  1  2  3  4  5  6  7  8  9 |
---------------+----------------------------+-----
Stealth        | 3 4 |  4.2
Conjurations   | 5 6 7 9 |  9.6
Spellcasting   | 4 5 7 9 11 | 11.9
Dodging        | 3 |  3.7
Fighting       | 1 2 |  2.0
Evocations     | |  0.5

Action                     |  1- 3 |  4- 6 |  7- 9 || total
---------------------------+-------+-------+-------++-------
  Melee: Unarmed           |     2 |       |       ||     2
   Cast: Magic Dart        |    91 |   139 |   159 ||   389
         Searing Ray       |       |     4 |    25 ||    29
  Evoke: Wand              |       |     2 |       ||     2
    Use: Potion            |       |     1 |     2 ||     3
 Armour: Robe              |     6 |    18 |    57 ||    81
  Dodge: Dodged            |     5 |    15 |    44 ||    64

Table legend: (Time is in decaauts)
 A = Elapsed time spent in this place.
 B = Non-inter-level travel time spent in this place.
 C = Inter-level travel time spent in this place.
 D = Time resting spent in this place.
 E = Time spent auto-exploring this place.
 F = Levels seen in this place.
 G = Mean time per level.
                   A        B        C        D        E       F      G
               +--------+--------+--------+--------+--------+-----+--------+
         Total |   6209 |   5729 |    480 |      0 |   4881 |   7 |  887.0 |
       Dungeon |   6162 |   5683 |    479 |      0 |   4836 |   6 | 1027.0 |
        Temple |     46 |     45 |      1 |      0 |     45 |   1 |   46.0 |
               +--------+--------+--------+--------+--------+-----+--------+

Top non-repeatable levels by time:
     D:5: 1453 daAuts
     D:1: 1305 daAuts
     D:4: 1099 daAuts
     D:2: 909 daAuts
     D:3: 855 daAuts
     D:6: 539 daAuts
  Temple: 46 daAuts
